 Dungeon Crawl Stone Soup version 0.27-a0-1188-g73eefd5def (webtiles) character file.

Game seed: 1808214980189934920

1530 siradein the Ruffian (level 8, -5/80 HPs)
             Began as a Troll Monk on May 21, 2021.
             Was a Believer of Makhleb.
             Slain by an orc
             ... wielding a +0 war axe
              (7 damage)
             ... in a bailey.
             The game lasted 00:12:26 (3996 turns).

siradein the Ruffian (Troll Monk)                   Turns: 3996, Time: 00:12:26

Health: -5/80      AC:  5    Str: 22    XL:     8   Next: 55%
Magic:  9/9        EV: 11    Int:  6    God:    Makhleb [**....]
Gold:   248        SH:  0    Dex: 18    Spells: 7/7 levels left

rFire    . . .     SeeInvis .     - Unarmed
rCold    . . .     Faith    .   (no shield)
rNeg     . . .     Spirit   .   a - +0 robe
rPois    .         Reflect  .   (helmet restricted)
rElec    .         Harm     .   o - +0 cloak
rCorr    .         Rampage  .   (gloves unavailable)
Will     .....                  (boots unavailable)
Stlth    ++........             (no amulet)
HPRegen  1.23/turn              n - +6 ring of dexterity
MPRegen  0.11/turn              (no ring)

@: studying Short Blades
A: large, unfitting armour, claws 3, regeneration 1, shaggy fur 1, tough skin 1
a: Renounce Religion, Minor Destruction


You were in a bailey.
You worshipped Makhleb.
Makhleb was pleased with you.
You visited 2 branches of the dungeon, and saw 8 of its levels.
You also visited: Bailey.

You collected 248 gold pieces.

Inventory:

Missiles
 h - 153 stones (quivered)
 i - 14 poisoned darts
 j - 5 boomerangs
 u - 5 large rocks
Armour
 a - a +0 robe (worn)
 o - a +0 cloak (worn)
Jewellery
 n - a +6 ring of dexterity (left claw)
Wands
 p - a wand of flame (12)
 w - a wand of iceblast (7)
Scrolls
 b - a scroll of silence {unknown}
 c - 3 scrolls of noise {unknown}
 e - 3 scrolls of teleportation {unknown}
 f - a scroll of enchant armour {unknown}
 g - 4 scrolls of identify {unknown}
 l - 3 scrolls of fog {unknown}
 q - a scroll of enchant weapon {unknown}
 v - a scroll of holy word {unknown}
 x - a scroll of summoning {unknown}
Potions
 d - a potion of cancellation {unknown}
 k - a potion of lignification {unknown}
 m - a potion of brilliance {unknown}
 r - a potion of might {unknown}
 s - a potion of degeneration {unknown}
 t - a potion of flight {unknown}


   Skills:
 + Level 5.2 Fighting
 + Level 4.3 Throwing
 + Level 4.0 Dodging
 - Level 1.0 Stealth
 + Level 6.3 Unarmed Combat
 * Level 3.1 Invocations


You had 7 spell levels left.
You didn't know any spells.
Your spell library contained the following spells:

 Spells                   Type           Power      Damage    Failure   Level
 Freeze                   Ice            0%         1d3       45%         1
 Frozen Ramparts          Ice            0%         1d2       83%         3
 Ozocubu's Armour         Ice            0%         N/A       83%         3
 Hailstorm                Conj/Ice       0%         3d3       99%         4
 Metabolic Englaciation   Hex/Ice        0%         N/A       100%        5


Dungeon Overview and Level Annotations

Branches:
Dungeon (7/15)             Temple (1/1) D:6          Bailey (1/1)

Altars:
Ashenzari
Cheibriados
Dithmenos
Elyvilon
Fedhas
Kikubaaqudgha
Makhleb
Nemelex Xobeh
Okawaru
Qazlal
Sif Muna
Uskayaw
Vehumet
Wu Jian
Xom
The Shining One


Innate Abilities, Weirdness & Mutations

You are too large for most types of armour.
You have claws for hands.
Your natural rate of healing is unusually fast.
You are covered in fur. (AC +1)
You have tough skin. (AC +1)


Message History

7 orcs come into view.
The orc shouts! x2
An orc warrior comes into view. It is wielding a +0 trident.
An orc comes into view.
It is wielding a +0 halberd. 3 orcs come into view.
The orc shouts! x6
The orc shouts! x3
The orc misses you. The orc barely misses you.
You claw the orc!
You kill the orc!
Makhleb accepts your kill.
The orc warrior hits you from afar with a +0 trident!
The orc closely misses you. The orc misses you. The orc barely misses you.
The orc hits you but does no damage.
The orc hits you from afar with a +0 spear.
The orc hits you but does no damage. The orc barely misses you. x2
Things that are here:
a +0 halberd; an orc corpse You barely miss the orc.
The orc hits you from afar with a +0 spear.
The orc barely misses you. The orc hits you with a +0 halberd! x2
You closely miss the orc. The orc hits you with a +0 war axe!
The orc hits you from afar with a +0 trident!
The orc barely misses you.
The orc hits you from afar with a +0 spear.
The orc hits you with a +0 war axe.
The orc warrior hits you with a +0 trident!
* * * LOW HITPOINT WARNING * * *
The orc hits you but does no damage. The orc misses you.
You scratch the orc warrior but do no damage.
The orc barely misses you. x2; The orc hits you but does no damage.
The orc barely misses you. x2; The orc hits you with a +0 war axe!
* * * LOW HITPOINT WARNING * * *
The orc warrior hits you with a +0 trident!
* * * LOW HITPOINT WARNING * * *
The orc closely misses you. x2
You scratch the orc warrior.
The orc warrior is moderately wounded.
The orc hits you with a +0 war axe!
You die...

#######
##..∩..##
#.......#
#∩.....∩#
#.......#
#.......#
#.....o.#
#....oo.#
#...oo@o#
#...oo.o#
#....oo.#
#.......#
##.....##
###+###


You could see an orc warrior and 10 orcs.

Vanquished Creatures
  2 water moccasins
  A black bear (D:5)
  A sky beast (D:6)
  An orc warrior (D:6)
  An ice beast (D:5)
  An ogre (D:5)
  A necrophage (D:6)
  A centaur (D:4)
  A scorpion (D:3)
  2 bullfrog zombies
  A howler monkey (D:6)
  2 bullfrog skeletons
  A centaur skeleton (D:4)
  2 hounds (D:6)
  An orc priest (D:6)
  4 iguanas
  2 orc wizards (D:6)
  A killer bee zombie (D:6)
  A hound zombie (D:5)
  4 gnolls (D:5)
  4 adders
  A white imp (D:5)
  2 worms
  An adder skeleton (D:4)
  A dart slug (D:1)
  13 orcs
  7 endoplasms
  2 giant cockroaches
  9 goblins
  7 hobgoblins
  7 jackals
  5 quokkas
  7 ball pythons
  5 bats
  2 frilled lizards
  8 kobolds
  4 rats
116 creatures vanquished.

Vanquished Creatures (others)
  3 plants (D:4)
3 creatures vanquished.

Grand Total: 119 creatures vanquished

Notes
Turn   | Place    | Note
-------+----------+-------------------------------------------
     0 | D:1      | siradein the Troll Monk began the quest for the Orb.
     0 | D:1      | Reached XP level 1. HP: 22/22 MP: 0/0
   142 | D:1      | Reached XP level 2. HP: 29/29 MP: 1/1
   194 | D:1      | Found a faded altar of an unknown god.
   353 | D:1      | Reached XP level 3. HP: 37/37 MP: 2/2
  1317 | D:3      | Noticed a scorpion
  1339 | D:3      | Killed a scorpion
  1340 | D:3      | Reached skill level 1 in Throwing
  1340 | D:3      | Reached skill level 4 in Unarmed Combat
  1340 | D:3      | Reached XP level 4. HP: 23/45 MP: 3/3
  1349 | D:3      | Reached XP level 5. HP: 26/53 MP: 4/4
  1943 | D:4      | Noticed a centaur
  1952 | D:4      | Killed a centaur
  1953 | D:4      | Reached XP level 6. HP: 49/62 MP: 5/5
  2410 | D:5      | Entered Level 5 of the Dungeon
  2456 | D:5      | Reached skill level 5 in Unarmed Combat
  2578 | D:5      | Noticed an ice beast
  2602 | D:5      | Noticed a water moccasin
  2743 | D:5      | Reached XP level 7. HP: 62/71 MP: 6/6
  2986 | D:6      | Found a staircase to the Ecumenical Temple.
  3013 | Temple   | Entered the Ecumenical Temple
  3133 | Temple   | Became a worshipper of Makhleb the Destroyer
  3133 | Temple   | Reached * piety under Makhleb
  3133 | Temple   | Reached ** piety under Makhleb
  3213 | D:6      | Reached skill level 1 in Invocations
  3213 | D:6      | Reached XP level 8. HP: 73/79 MP: 6/8
  3220 | D:6      | Reached skill level 6 in Unarmed Combat
  3241 | D:6      | Reached skill level 5 in Fighting
  3950 | D:7      | Found a flagged portal.
  3984 | Bailey   | Entered a bailey
  3995 | Bailey   | HP: 1/80 [orc warrior/+0 trident (7)]
  3996 | Bailey   | Slain by an orc

Illustrated notes

Levels and vault maps discovered:
D:1:      dpeg_arrival_arbitrary_b, layout_basic,
          hellmonk_ecumenical_altar_arch_garden
D:2:      layout_loops_ring
D:3:      layout_basic
D:4:      layout_rooms, skrybe_limestone_x, kennysheep_another_room,
          grunt_ministairs_1, corexii_shack, kennysheep_donut
D:5:      layout_loops_cross, hangedman_decor_clover_reticule
D:6:      layout_rooms, minmay_temple_entry_wispy, minmay_manual_mess
D:7:      layout_basic, lemuel_crystal_altar, enter_bailey_5
Temple:   lightli_temple_of_artemis
Bailey:   bailey_polearm_5, bailey

Skill      XL: |  1  2  3  4  5  6  7  8 |
---------------+-------------------------+-----
Fighting       | 3 4 5 |  5.2
Throwing       | 1 2 3 4 |  4.3
Unarmed Combat | 4 5 6 |  6.3
Dodging        | 3 4 |  4.0
Invocations    | 1 3 |  3.1
Stealth        | |  1.0

Action                   |  1- 3 |  4- 6 |  7- 9 || total
-------------------------+-------+-------+-------++-------
Melee: Unarmed           |    94 |   119 |   124 ||   337
       Punch             |     2 |     4 |     4 ||    10
Throw: Stone             |       |     6 |       ||     6
 Stab: Sleeping          |     1 |     4 |     2 ||     7
Armor: Robe              |    34 |    36 |    37 ||   107
Dodge: Dodged            |    57 |    43 |    85 ||   185

Table legend: (Time is in decaauts)
 A = Elapsed time spent in this place.
 B = Non-inter-level travel time spent in this place.
 C = Inter-level travel time spent in this place.
 D = Time resting spent in this place.
 E = Time spent auto-exploring this place.
 F = Levels seen in this place.
 G = Mean time per level.
                   A        B        C        D        E       F      G
               +--------+--------+--------+--------+--------+-----+--------+
         Total |   3967 |   3874 |     93 |     12 |   2855 |   9 |  440.8 |
       Dungeon |   3818 |   3725 |     93 |     12 |   2753 |   7 |  545.4 |
        Temple |    137 |    137 |      0 |      0 |    100 |   1 |  137.0 |
        Bailey |     11 |     11 |      0 |      0 |      2 |   1 |   11.0 |
               +--------+--------+--------+--------+--------+-----+--------+

Top non-repeatable levels by time:
     D:4: 707 daAuts
     D:6: 696 daAuts
     D:5: 680 daAuts
     D:1: 602 daAuts
     D:2: 588 daAuts
     D:3: 496 daAuts
  Temple: 137 daAuts
     D:7: 44 daAuts
  Bailey: 11 daAuts
